 Dungeon Crawl Stone Soup version 0.24-a0-504-gcfb02b9d07 (webtiles) character file.

Game seed: 7472766651880616662

737 KristoblXynda the Chopper (level 7, 0/82 HPs)
             Began as a Pale Draconian Skald on July 16, 2019.
             Was a Priest of Uskayaw.
             Killed from afar by an orc wizard (6 damage)
             ... with a magic dart
             ... on level 6 of the Dungeon.
             The game lasted 00:06:40 (4851 turns).

KristoblXynda the Chopper (Pale Draconian Skald)    Turns: 4851, Time: 00:06:40

Health: 0/82       AC:  8    Str: 18    XL:     7   Next: 46%
Magic:  9/10       EV: 13    Int: 15    God:    Uskayaw [***...]
Gold:   159        SH:  0    Dex: 11    Spells: 7/10 levels left

rFire    . . .     SeeInvis .   a - +1 hand axe
rCold    . . .     Gourm    .   (no shield)
rNeg     . . .     Faith    .   (armour unavailable)
rPois    .         Spirit   .   (helmet restricted)
rElec    .         Reflect  .   q - +1 cloak
rCorr    .         Harm     .   (no gloves)
MR       +....                  (no boots)
Stlth    ..........             e - amulet of rage
HPRegen  0.23/turn              j - ring of protection from magic
MPRegen  0.12/turn              (no ring)

@: berserking, very quick
A: breathe steam, unfitting armour, cold-blooded, AC +6
a: Breathe Steam, Stomp, Line Pass, Renounce Religion, Evoke Berserk Rage


You were on level 6 of the Dungeon.
You worshipped Uskayaw.
Uskayaw was noncommittal.
You were full.

You visited 1 branch of the dungeon, and saw 5 of its levels.

You collected 159 gold pieces.

Inventory:

Hand Weapons
 a - a +1 hand axe (weapon)
Armour
 q - a +1 cloak (worn)
Jewellery
 e - an amulet of rage (around neck)
 g - an uncursed ring of fire
 j - a ring of protection from magic (left hand)
 r - an uncursed amulet of the gourmand
Wands
 f - a wand of disintegration (12)
Scrolls
 b - a scroll of enchant weapon
 o - a scroll of immolation
Potions
 d - a potion of brilliance {unknown}
 h - 2 potions of resistance
 i - a potion of heal wounds {unknown}
 m - a potion of flight {unknown}
 s - a potion of mutation {unknown}
 t - a potion of agility
 u - a potion of haste {unknown}
Comestibles
 c - 4 rations
 n - 10 chunks of flesh


   Skills:
 - Level 2.1 Fighting
 + Level 5.2 Axes
 + Level 4.2 Dodging
 - Level 2.0 Spellcasting
 + Level 4.6 Charms
 + Level 3.2 Invocations


You had 7 spell levels left.
You knew the following spells:

 Your Spells              Type           Power        Failure   Level  Hunger
a - Regeneration          Chrm/Necr      #.........   26%         3    ###....

Your spell library contained the following spells:

 Spells                   Type           Power        Failure   Level  Hunger
 Infusion                 Chrm           ###.         3%          1    #......
 Song of Slaying          Chrm           ###.....     4%          2    ###....
 Shroud of Golubria       Chrm/Tloc      #.....       13%         2    ###....
 Spectral Weapon          Hex/Chrm       #.......     26%         3    ###....


Dungeon Overview and Level Annotations

Branches:
Dungeon (4/15)
 Temple: D:4-7

Altars:
Hepliaklqana
Makhleb
Trog
Uskayaw

Shops:
D:4 :


Innate Abilities, Weirdness & Mutations

You can breathe blasts of scalding, opaque steam.
Your pale cyan-grey scales are hard. (AC +6)
You cannot fit into any form of body armour.
You are cold-blooded and may be slowed by cold attacks.


Message History

You closely miss the orc wizard.
The orc wizard points at you and mumbles some strange words.
The magic dart hits you!
* * * LOW HITPOINT WARNING * * *
The worker ant barely misses you.
Uskayaw links your audience in an emotional bond!
You barely miss the orc wizard. You barely miss the worker ant.
The orc wizard gestures wildly while chanting.
The orc wizard blinks!
The worker ant bites you but does no damage.
You have got your breath back.
The worker ant bites you but does no damage.
You see here a +0 leather armour.
You barely miss the worker ant. The worker ant misses you.
You slash the worker ant!
The worker ant is heavily wounded.
The orc wizard is no longer sharing its pain.
The orc wizard gestures at you while chanting.
The magic dart hits you.
You die...

### ## #.. ...
#.# .$.# #.#
#.#.# #.###...
####.#.o.#
#...a#.#.# #
#.##@..).#.#...
#.##.#..†......
#.#..(†.##.##.
#...###.# #.#.#
....
#...###a#...
###.. ..##.##
##. ... ..o .
... #.


You could see a worker ant and an orc wizard.

Vanquished Creatures
  Sigmund (D:4)
  An ogre (D:3)
  A centaur (D:6)
  A jelly (D:6)
  A bullfrog skeleton (D:6)
  4 worker ants
  2 orc wizards
  Robin (D:3)
  A worker ant zombie (D:4)
  8 adders
  An ooze (D:4)
  An adder zombie (D:6)
  A worm (D:3)
  2 dart slugs
  5 leopard geckos
  10 orcs
  2 ball pythons
  A giant cockroach (D:2)
  16 goblins
  7 hobgoblins
  7 jackals
  A quokka (D:6)
  10 bats
  4 frilled lizards
  2 kobolds
  10 rats
101 creatures vanquished.

Notes
Turn   | Place    | Note
-------+----------+-------------------------------------------
     0 | D:1      | KristoblXynda the Draconian Skald began the quest for the
                  | Orb.
     0 | D:1      | Reached XP level 1. HP: 17/17 MP: 3/3
   173 | D:1      | Reached XP level 2. HP: 23/24 MP: 5/5
  1114 | D:2      | Reached XP level 3. HP: 27/29 MP: 6/6
  1259 | D:2      | Reached skill level 3 in Axes
  1658 | D:2      | Reached XP level 4. HP: 17/36 MP: 3/7
  1878 | D:2      | Found a burning altar of Makhleb.
  1878 | D:2      | Found a hide-covered altar of Uskayaw.
  1928 | D:2      | Became a worshipper of Uskayaw the Reveler
  1950 | D:2      | Found a hazy altar of Hepliaklqana.
  1987 | D:2      | Reached * piety under Uskayaw
  2340 | D:2      | Found a faded altar of an unknown god.
  2430 | D:3      | Noticed Robin
  2437 | D:3      | Reached ** piety under Uskayaw
  2446 | D:2      | Reached *** piety under Uskayaw
  2831 | D:3      | Killed Robin
  2835 | D:3      | Reached XP level 5. HP: 14/41 MP: 8/8
  2835 | D:3      | Reached **** piety under Uskayaw
  2866 | D:3      | Reached skill level 4 in Axes
  3631 | D:3      | Found a bloodstained altar of Trog.
  3729 | D:4      | Learned a level 3 spell: Regeneration
  3877 | D:4      | Noticed an ogre
  3891 | D:3      | Killed an ogre
  3891 | D:3      | Reached skill level 1 in Invocations
  3891 | D:3      | Reached XP level 6. HP: 35/48 MP: 9/9
  4251 | D:4      | Found Wosaewos's Book Boutique.
  4266 | D:4      | Noticed an orc warrior
  4650 | D:4      | Noticed Sigmund
  4657 | D:4      | Killed Sigmund
  4720 | D:4      | You fall into a shaft and drop 2 floors!
  4726 | D:6      | Your scales start taking on a pale cyan-grey colour.
  4726 | D:6      | Reached XP level 7. HP: 55/55 MP: 10/10
  4808 | D:6      | Reached skill level 5 in Axes
  4851 | D:6      | Killed from afar by an orc wizard

Levels and vault maps discovered:
D:1:      dpeg_arrival_court, layout_loops_ring
D:2:      layout_loops_corners, overflow_temple_1_default,
          gammafunk_temple_overflow_wave, chequers_ecumenical_altar_lobes,
          minmay_misc_feat_tiny
D:3:      layout_loops_cross, bloody_trog, uniq_robin
D:4:      layout_gridville, lemuel_coloured_pillars_altar, serial_shops,
          kennysheep_mini_moat, minmay_misc_feat_roman, uniq_sigmund
D:6:      layout_rooms, old_standard_altar, minmay_temple_entry_hall,
          minmay_fractal_squares_5

Skill      XL: |  1  2  3  4  5  6  7 |
---------------+----------------------+-----
Charms         | 3 4 |  4.6
Axes           | 3 4 5 |  5.2
Dodging        | 3 4 |  4.2
Invocations    | 1 2 3 |  3.2
Fighting       | |  2.1
Spellcasting   | |  2.0

Action                   |  1- 3 |  4- 6 |  7- 9 || total
-------------------------+-------+-------+-------++-------
Melee: Hand axe          |   108 |   170 |    35 ||   313
       Tailslap          |    11 |    18 |     4 ||    33
 Cast: Infusion          |     1 |       |       ||     1
       Regeneration      |       |       |     1 ||     1
 Abil: Evoke Berserk Rag |       |     1 |     1 ||     2
       Breathe Steam     |       |       |     2 ||     2
  Use: Potion            |     2 |     3 |       ||     5
       Scroll            |       |    13 |     2 ||    15
 Stab: Sleeping          |     1 |     2 |       ||     3
       Paralysed         |       |     6 |     5 ||    11
  Eat: Chunk             |     2 |    22 |       ||    24
Armor: Skin              |    38 |    73 |    19 ||   130
Dodge: Dodged            |    74 |   166 |    30 ||   270

Table legend:
 A = Non-vault XP
 B = Vault XP
 C = Vault XP percentage of total XP
 D = Non-vault monster count
 E = Vault monster count
 F = Vault count percentage of total count
                 A         B        C        D         E       F
            +---------+---------+-------+---------+---------+-------
      Total |     739 |     315 |  29.9 |      83 |      18 |  17.8
            +---------+---------+-------+---------+---------+-------
        D:1 |      29 |       0 |   0.0 |      16 |       0 |   0.0
        D:2 |     122 |       3 |   2.4 |      23 |       2 |   8.0
        D:3 |     179 |      34 |  16.0 |      25 |      10 |  28.6
        D:4 |      94 |     220 |  70.1 |       8 |       1 |  11.1
        D:6 |     315 |      58 |  15.5 |      11 |       5 |  31.2
            +---------+---------+-------+---------+---------+-------
